cohdb
Replays
Latest Replays
All Replays
Popular Replays
Top Player Replays
Match Explorer
How It Works
Community
CoH3 Stats
Reddit
Sign in to upload your games and track your stats! →
Sign in with Steam
Match 45138338
Unlisted
Match 45138338
Overview
Messages
Build Orders
End
Vickers Machine Gun Team
Selects Heavy Armor Battlegroup
Construct Section Command Post
Infantry Section
Infantry Section
Infantry Section
Grenade Package
Construct Platoon Command Post
Selects Light Vehicle Withdraw and Refit
6-pounder Anti-tank Gun Team
Selects UNKNOWN (202330)
Construct Field Infirmary
Shogun
T0MMY
Pioneer Combine
Sayamander 🐉
冥雨
游戏玩家
ceremoney
6ec95vjq
0
0
Comments
sign in to comment!
No comments posted yet!